 Dungeon Crawl Stone Soup version 0.30-a0-748-ge6a52f7cba (webtiles) character file.

Game seed: 3348756335285212992

186 cheesebisquit the Ruffian (level 5, -3/50 HPs)
             Began as a Troll Berserker on Feb 8, 2023.
             Was a Believer of Trog.
             Slain by a gnoll
             ... wielding a +0 spear
              (5 damage)
             ... on level 3 of the Dungeon.
             The game lasted 00:07:23 (1790 turns).

cheesebisquit the Ruffian (Troll Berserker)         Turns: 1790, Time: 00:07:23

Health: -3/50      AC:  5    Str: 27    XL:     5   Next: 38%
Magic:  4/4        EV: 10    Int:  3    God:    Trog [**....]
Gold:   65         SH:  0    Dex:  9    Spells: 4/4 levels left

rFire   . . .      SeeInvis .      - Unarmed
rCold   . . .      Faith    .    (no shield)
rNeg    . . .      Spirit   .    a - +0 animal skin
rPois   .          Reflect  .    (helmet restricted)
rElec   .          Harm     .    q - +0 cloak
rCorr   .          Rampage  .    (gloves unavailable)
Will    .....                    (boots unavailable)
Stlth   +                        m - amulet of regeneration
HPRegen 1.88/turn                (no ring)
MPRegen 0.09/turn                (no ring)

@: on berserk cooldown, attractive, slowed, very slow
A: large, unfitting armour, claws 3, regeneration 1, shaggy fur 1, tough skin 1,
inability to read after injury 1
a: Renounce Religion, Berserk, Trog's Hand


You were on level 3 of the Dungeon.
You worshipped Trog.
Trog was pleased with you.
You visited 1 branch of the dungeon, and saw 3 of its levels.

You collected 65 gold pieces.

Inventory:

Hand Weapons
 p - a +2 quarterstaff of chaos
Armour
 a - a +0 animal skin (worn)
 q - a +0 cloak (worn)
Jewellery
 m - an amulet of regeneration (around neck)
Wands
 r - a wand of light (10)
Scrolls
 d - a scroll of enchant armour {unknown}
 f - a scroll of silence {unknown}
 g - a scroll of teleportation {unknown}
 i - 3 scrolls of identify {unknown}
 o - a scroll of summoning {unknown}
Potions
 b - a potion of attraction
 c - a potion of magic {unknown}
 e - 2 potions of curing {unknown}
 h - 4 potions of mutation
 j - a potion of brilliance {unknown}
 k - a potion of cancellation {unknown}
 l - a potion of resistance {unknown}
 n - a potion of degeneration {unknown}


   Skills:
 - Level 2.4 Fighting
 + Level 3.1 Throwing
 - Level 2.4 Dodging
 + Level 4.8 Unarmed Combat


You had 4 spell levels left.
You didn't know any spells.
Your spell library was empty.

Dungeon Overview and Level Annotations

Branches:
Dungeon (3/15)

Altars:


Innate Abilities, Weirdness & Mutations

You are too large for most types of armour.
You have claws for hands.
Your natural rate of healing is unusually fast.
You are covered in fur. (AC +1)
You have tough skin. (AC +1)
You occasionally lose the ability to read scrolls when taking damage.


Message History

You see here a +0 club.
The kobold attacks as you move away! The kobold hits you with a +0 club.
* * * LOW HITPOINT WARNING * * *
Okay, then.
The kobold attacks as you move away! The kobold hits you but does no damage.
The kobold hits you with a +0 club.
* * * LOW HITPOINT WARNING * * *
The iguana completely misses you. The kobold barely misses you.
The gnoll hits you from afar with a +0 spear.
* * * LOW HITPOINT WARNING * * *
The gnoll closely misses you.
There is an open door here.
Things that are here:
a jackal corpse; a jackal corpse The kobold attacks as you move away!
The kobold misses you.
The gnoll hits you from afar with a +0 spear.
* * * LOW HITPOINT WARNING * * *
The iguana hisses menacingly.
Okay, then.
It was a potion of mutation.
You feel extremely strange.
You occasionally lose the ability to read scrolls when taking damage.
The kobold barely misses you.
The gnoll hits you from afar with a +0 spear.
* * * LOW HITPOINT WARNING * * *
The kobold hits you but does no damage.
The gnoll hits you from afar with a +0 spear.
* * * LOW HITPOINT WARNING * * *
It was a potion of attraction.
You feel attractive to monsters. The kobold hits you but does no damage.
The kobold hits you with a +0 club.
* * * LOW HITPOINT WARNING * * *
The gnoll hits you from afar with a +0 spear.
* * * LOW HITPOINT WARNING * * *
The gnoll hits you but does no damage. The kobold hits you but does no damage.
The kobold hits you with a +0 club.
* * * LOW HITPOINT WARNING * * *
The gnoll hits you from afar with a +0 spear.
* * * LOW HITPOINT WARNING * * *
The gnoll hits you from afar with a +0 spear.
You die...

~~~~~....~~≈~≈≈~~≈~~~≈≈~~~
≈~≈~......~≈≈≈≈≈≈≈≈≈≈~≈≈~≈
≈≈~~......≈≈≈≈≈≈≈≈≈≈≈≈≈≈≈≈
######''##################
#....# ... #..))# ....
##..((#########.....
#......#g...........
+.....@Kg.)..(......
#[....K#l...........
##....#########.....
#....# ..?. #....# ...
###### ##


You could see an iguana, 2 gnolls and 2 kobolds.

Vanquished Creatures
  Crazy Yiuf (D:2)
  Jessica (D:3)
  Ijyb (D:3)
  3 adders
  3 worms (D:2)
  2 dart slugs
  4 orcs
  A ball python (D:2)
  3 endoplasms
  2 giant cockroaches
  3 goblins (D:2)
  7 hobgoblins
  10 jackals
  6 bats
  2 frilled lizards (D:2)
  11 kobolds
  2 rats
62 creatures vanquished.

Vanquished Creatures (others)
  A kobold (D:3)
1 creature vanquished.

Grand Total: 63 creatures vanquished

Notes
Turn   | Place    | Note
-------+----------+-------------------------------------------
     0 | D:1      | cheesebisquit the Troll Berserker began the quest for the
                  | Orb.
     0 | D:1      | Reached XP level 1. HP: 22/22 MP: 0/0
   133 | D:1      | Found a faded altar of an unknown god.
   140 | D:1      | Reached XP level 2. HP: 29/29 MP: 1/1
   729 | D:2      | Reached skill level 1 in Throwing
   817 | D:2      | Reached XP level 3. HP: 36/36 MP: 2/2
   910 | D:2      | Found a runed translucent door.
   911 | D:2      | Noticed Crazy Yiuf
  1048 | D:2      | Reached ** piety under Trog
  1049 | D:2      | Reached skill level 4 in Unarmed Combat
  1119 | D:2      | Reached XP level 4. HP: 44/44 MP: 3/3
  1335 | D:2      | Killed Crazy Yiuf
  1446 | D:3      | Noticed Jessica
  1453 | D:3      | Killed Jessica
  1455 | D:3      | Reached XP level 5. HP: 50/50 MP: 4/4
  1643 | D:3      | Noticed Ijyb
  1653 | D:3      | Killed Ijyb
  1789 | D:3      | Gained mutation: You occasionally lose the ability to read
                  | scrolls when taking damage. [potion of mutation]
  1790 | D:3      | HP: 2/50 [gnoll/+0 spear (2)]
  1790 | D:3      | Slain by a gnoll

Illustrated notes

Levels and vault maps discovered:
D:1:      eino_arrival_druids_welcome, layout_basic,
          shapermc_ecumenical_altar_starsandcircs, nicolae_eternal_life
D:2:      layout_rooms, guppyfry_early_orc_mine, uniq_crazy_yiuf_cottage
D:3:      minmay_goblin_kobold_castle, layout_rooms, uniq_jessica, uniq_ijyb

Skill      XL: |  1  2  3  4  5 |
---------------+----------------+-----
Throwing       | 1 2 3 |  3.1
Unarmed Combat | 4 |  4.8
Fighting       | |  2.4
Dodging        | |  2.4

Action                     |  1- 3 |  4- 6 || total
---------------------------+-------+-------++-------
  Melee: Unarmed           |    70 |    68 ||   138
         Punch             |     1 |     3 ||     4
  Throw: Stone             |    18 |       ||    18
         Large rock        |       |     5 ||     5
 Invoke: Berserk           |     1 |     2 ||     3
         Trog's Hand       |     1 |     2 ||     3
    Use: Potion            |       |     2 ||     2
 Armour: Animal skin       |    34 |    43 ||    77
  Dodge: Dodged            |    24 |    59 ||    83

Table legend: (Time is in decaauts)
 A = Elapsed time spent in this place.
 B = Non-inter-level travel time spent in this place.
 C = Inter-level travel time spent in this place.
 D = Time resting spent in this place.
 E = Time spent auto-exploring this place.
 F = Levels seen in this place.
 G = Mean time per level.
                   A        B        C        D        E       F      G
               +--------+--------+--------+--------+--------+-----+--------+
         Total |   1804 |   1748 |     56 |      0 |   1349 |   3 |  601.3 |
       Dungeon |   1804 |   1748 |     56 |      0 |   1349 |   3 |  601.3 |
               +--------+--------+--------+--------+--------+-----+--------+

Top non-repeatable levels by time:
     D:1: 720 daAuts
     D:2: 704 daAuts
     D:3: 379 daAuts
